 Dungeon Crawl Stone Soup version 0.29-a0-344-ge2f44be95a (webtiles) character file.

Game seed: 5496540465548518164

406 Agony the Covered (level 6, -5/56 HPs)
             Began as a Minotaur Fighter on Apr 22, 2022.
             Was a Follower of Zin.
             Slain by an iguana (9 damage)
             ... on level 4 of the Dungeon.
             The game lasted 00:05:54 (3146 turns).

Agony the Covered (Minotaur Fighter)                Turns: 3146, Time: 00:05:55

Health: -5/56      AC:  9    Str: 22    XL:     6   Next: 56%
Magic:  5/5        EV: 10    Int:  5    God:    Zin [*.....]
Gold:   249        SH:  5    Dex: 10    Spells: 5/5 levels left

rFire   . . .      SeeInvis .   a - +0 long sword
rCold   + . .      Faith    .   c - +0 buckler
rNeg    . . .      Spirit   .   q - +2 ring mail {rC+}
rPois   .          Reflect  .   (helmet restricted)
rElec   .          Harm     .   (no cloak)
rCorr   .          Rampage  .   v - +0 pair of gloves
Will    .....                   (no boots)
Stlth   ..........              (no amulet)
HPRegen 0.18/turn               (no ring)
MPRegen 0.09/turn               (no ring)

@: no status effects
A: horns 2, retaliatory headbutt
a: Renounce Religion, Recite, Donate Gold


You were on level 4 of the Dungeon.
You worshipped Zin.
Zin was aware of your devotion.
You visited 1 branch of the dungeon, and saw 4 of its levels.

You collected 276 gold pieces.
You donated 27 gold pieces to Zin.

Inventory:

Hand Weapons
 a - a +0 long sword (weapon)
Armour
 b - a +0 scale mail
 c - a +0 buckler (worn)
 q - a +2 ring mail of cold resistance (worn)
 v - a +0 pair of gloves (worn)
Jewellery
 m - a ring of ice
 u - a ring of ice
Wands
 p - a wand of iceblast (9)
Scrolls
 e - a scroll of amnesia {unknown}
 f - a scroll of magic mapping {unknown}
 k - a scroll of immolation {unknown}
 o - a scroll of enchant weapon {unknown}
 r - a scroll of identify
 s - a scroll of fear {unknown}
 w - a scroll of teleportation {unknown}
 x - a scroll of noise {unknown}
 y - a scroll of summoning {unknown}
 z - a scroll of holy word {unknown}
Potions
 d - a potion of might
 g - 4 potions of curing
 h - a potion of berserk rage {unknown}
 i - a potion of ambrosia {unknown}
 j - a potion of cancellation
 t - a potion of invisibility {unknown}


   Skills:
 + Level 5.4 Fighting
 + Level 4.7 Long Blades
 + Level 5.5 Armour
 + Level 5.4 Shields


You had 5 spell levels left.
You didn't know any spells.
Your spell library contained the following spells:

 Spells                   Type           Power      Damage    Failure   Level
 Animate Skeleton         Necr           0%         N/A       71%         1
 Pain                     Necr           0%         1d4       71%         1
 Ozocubu's Armour         Ice            0%         N/A       97%         3
 Vampiric Draining        Necr           0%         2d6       97%         3
 Metabolic Englaciation   Hex/Ice        0%         N/A       100%        5
 Simulacrum               Ice/Necr       0%         N/A       100%        6


Dungeon Overview and Level Annotations

Branches:
Dungeon (4/15)
 Temple: D:4-7

Altars:
Uskayaw
Zin


Innate Abilities, Weirdness & Mutations

You have a pair of horns on your head.
You reflexively headbutt those who attack you in melee.


Message History

The iguana barely misses you.
You slash the iguana!
You kill the iguana!
You start resting.
An iguana comes into view.
There is an open door, spattered with blood here.
As you open the door, it creaks loudly!
The iguana hisses angrily.
There is an open door here.
You see here a black bear corpse.
There is an open door, spattered with blood here.
There is an open door here.
You see here a black bear corpse.
There is an open door, spattered with blood here.
There is an open door here.
The iguana bites you.
You slash the iguana! Your headbutt misses the iguana.
The iguana is heavily wounded.
The iguana closely misses you.
You hit the iguana.
The iguana is heavily wounded.
The iguana bites you!
You hit the iguana but do no damage.
The iguana is heavily wounded.
The iguana bites you!
* * * LOW HITPOINT WARNING * * *
You barely miss the iguana.
The iguana is heavily wounded.
The iguana bites you but does no damage.
You hit the iguana but do no damage.
The iguana is heavily wounded.
You block the iguana's attack.
You barely miss the iguana.
The iguana is heavily wounded.
The iguana bites you!
* * * LOW HITPOINT WARNING * * *
You block the iguana's attack.
You hit the iguana but do no damage.
The iguana is heavily wounded.
The iguana bites you!
You die...

...# ...# ..... ...# +.....
.. ...# #...# ...
...###########+####...###...
.......##...##...##.........
.####.......#...............
## ###.....#...............
# ##....#..l@...........
##...##'####†........
##..#...l.#'####....
#..'..........# .
+..#..........#
#.............#
#.............#
#..............#
#..........)....#


You could see an iguana.

Vanquished Creatures
  Sigmund (D:2)
  A black bear (D:4)
  An iguana (D:4)
  6 adders
  2 worms (D:2)
  2 dart slugs
  An orc (D:3)
  2 bats
  5 endoplasms
  3 giant cockroaches
  13 goblins
  7 hobgoblins
  4 quokkas
  5 ball pythons
  2 frilled lizards
  8 kobolds
  5 rats
68 creatures vanquished.

Vanquished Creatures (others)
  15 plants (D:2)
15 creatures vanquished.

Grand Total: 83 creatures vanquished

Notes
Turn   | Place    | Note
-------+----------+-------------------------------------------
     0 | D:1      | Agony the Minotaur Fighter began the quest for the Orb.
     0 | D:1      | Reached XP level 1. HP: 19/19 MP: 0/0
   266 | D:1      | Reached XP level 2. HP: 27/27 MP: 1/1
   640 | D:1      | Found a faded altar of an unknown god.
   932 | D:1      | Reached XP level 3. HP: 32/33 MP: 2/2
  1567 | D:2      | Noticed Sigmund
  1575 | D:2      | Killed Sigmund
  1576 | D:2      | Reached skill level 5 in Armour
  1576 | D:2      | Reached XP level 4. HP: 24/41 MP: 3/3
  1576 | D:2      | Reached XP level 5. HP: 28/47 MP: 4/4
  1765 | D:2      | Reached skill level 5 in Fighting
  1912 | D:2      | Reached skill level 5 in Shields
  2857 | D:3      | Reached XP level 6. HP: 56/56 MP: 5/5
  2931 | D:3      | Found a glowing silver altar of Zin.
  3026 | D:3      | Became a worshipper of Zin the Law-Giver
  3026 | D:3      | Reached * piety under Zin
  3052 | D:4      | Found a hide-covered altar of Uskayaw.
  3146 | D:4      | Slain by an iguana

Illustrated notes

Levels and vault maps discovered:
D:1:      dpeg_arrival_chambers_temple_mockup, layout_basic,
          basic_ecumenical_altar
D:2:      minmay_wonky_spiral, layout_basic, serial_bayou, serial_bayou_ford_a,
          serial_bayou_lagoon_a, serial_bayou_shore_a, serial_bayou_pond_d,
          uniq_sigmund
D:3:      layout_loops_cross, zin_academy, due_unseen_surprise
D:4:      cheibrodos_thug_alley, layout_gridville, nicolae_uskayaw_dance_hall,
          gammafunk_temple_overflow_claw, minmay_manual_mares

Skill      XL: |  1  2  3  4  5 |
---------------+----------------+-----
Fighting       | 4 5 |  5.4
Armour         | 4 5 |  5.5
Shields        | 4 5 |  5.4
Long Blades    | 3 4 |  4.7

Action                   |  1- 3 |  4- 6 || total
-------------------------+-------+-------++-------
Melee: Long sword        |    92 |    86 ||   178
       Headbutt          |    15 |    13 ||    28
  Use: Scroll            |     1 |     3 ||     4
Armor: Scale mail        |    38 |    10 ||    48
       Ring mail         |       |    31 ||    31
Dodge: Dodged            |    42 |    35 ||    77
Block: Buckler           |    17 |    23 ||    40

Table legend: (Time is in decaauts)
 A = Elapsed time spent in this place.
 B = Non-inter-level travel time spent in this place.
 C = Inter-level travel time spent in this place.
 D = Time resting spent in this place.
 E = Time spent auto-exploring this place.
 F = Levels seen in this place.
 G = Mean time per level.
                   A        B        C        D        E       F      G
               +--------+--------+--------+--------+--------+-----+--------+
         Total |   3227 |   3154 |     73 |    213 |   2428 |   4 |  806.8 |
       Dungeon |   3227 |   3154 |     73 |    213 |   2428 |   4 |  806.8 |
               +--------+--------+--------+--------+--------+-----+--------+

Top non-repeatable levels by time:
     D:1: 1225 daAuts
     D:2: 1119 daAuts
     D:3: 784 daAuts
     D:4: 97 daAuts
